 Dungeon Crawl Stone Soup version 0.20.1-1-g8b1a95d (console) character file.

93095 hilaritas the Peltast (level 16, -1/97 HPs)
             Began as a Gargoyle Fighter on July 31, 2017.
             Was a High Priest of Okawaru.
             Slain by a tentacled starspawn (6 damage)
             ... on level 2 of the Abyss.
             The game lasted 01:01:01 (21659 turns).

hilaritas the Peltast (Gargoyle Fighter)           Turns: 21659, Time: 01:01:02

Health: -1/97      AC: 37    Str: 29    XL:     16   Next: 7%
Magic:  24/24      EV: 11    Int: 12    God:    Okawaru [*****.]
Gold:   1797       SH:  0    Dex: 11    Spells: 13/15 levels left

rFire    + + .     SeeInvis +   S - +9 eveningstar (holy)
rCold    + + +     Gourm    .   c - +1 shield
rNeg     + + .     Faith    .   K - +4 plate armour {rF+}
rPois    ∞         Spirit   .   T - +1 helmet of the Earth {rElec rC++}
rElec    +         Reflect  .   q - scarf {rC+ rF+}
rCorr    .         Harm     .   L - +2 pair of gloves "Detehywe" {Str+2 Int+3 Dex+2 SInv}
MR       ++...                  O - +0 pair of boots
Stlth    ..........             p - amulet of magic regeneration
Regen    0.3/turn               V - ring of protection from magic
MPRegen  0.3/turn               J - ring of positive energy

@: confused, finesse
A: big wings, negative energy resistance 1, electricity resistance, unbreathing,
petrification resistance, rot immunity, AC +11
a: Fly, Heroism, Finesse, Renounce Religion


You were on level 2 of the Abyss.
You worshipped Okawaru.
Okawaru was extremely pleased with you.
You were not hungry.

You visited 4 branches of the dungeon, and saw 22 of its levels.
You visited the Abyss 1 time.
You also visited: Sewer, Bailey and Volcano.

You collected 1797 gold pieces.

Inventory:

Hand Weapons
 u - a +1 eveningstar of flaming
 S - a +9 eveningstar of holy wrath (weapon)
Missiles
 v - 21 tomahawks (quivered)
Armour
 c - a +1 shield (worn)
 q - a scarf of resistance (worn)
 K - a +4 plate armour of fire resistance (worn)
 L - the +2 pair of gloves "Detehywe" (worn) {Str+2 Int+3 Dex+2 SInv}
   (Okawaru gifted it to you on level 6 of the Lair of Beasts)

   It affects your strength (+2).
   It affects your intelligence (+3).
   It affects your dexterity (+2).
   It lets you see invisible.
 O - a +0 pair of boots (worn)
 T - the +1 helmet of the Earth (worn) {rElec rC++}
   (Okawaru gifted it to you on level 1 of the Lair of Beasts)

   It greatly protects you from cold.
   It insulates you from electricity.
Jewellery
 n - an uncursed ring of protection from cold
 p - an amulet of magic regeneration (around neck)
 F - a +3 ring of evasion
 I - an uncursed ring of protection from magic
 J - a ring of positive energy (right hand)
 N - an uncursed ring of see invisible
 V - a ring of protection from magic (left hand)
 W - an uncursed ring of resist corrosion
Wands
 r - a wand of lightning (5/15)
 Y - a wand of digging (12/24)
Scrolls
 g - 5 scrolls of remove curse
 h - 5 scrolls of recharging
 j - 3 scrolls of fog
 k - 9 scrolls of teleportation
 m - 2 scrolls of identify
 s - a scroll of magic mapping
 w - a scroll of fear
 y - 6 scrolls of blinking
 Q - 3 scrolls of amnesia
Potions
 a - a potion of resistance
 b - 2 potions of berserk rage
 d - 2 potions of magic
 e - 6 potions of haste
 l - 5 potions of curing
 o - 3 potions of heal wounds
 x - a potion of brilliance
 A - 2 potions of might
 G - 4 potions of agility
 P - a potion of cancellation
 R - 2 potions of ambrosia
Comestibles
 f - 13 bread rations
 z - 29 fruits
 D - 8 meat rations
 M - 27 royal jellies


   Skills:
 - Level 10.0 Fighting
 + Level 14.0 Maces & Flails
 - Level 10.0 Armour
 - Level 7.3 Dodging
 - Level 15.0 Shields
 * Level 11.6 Invocations


You had 13 spell levels left.
You knew the following spells:

 Your Spells              Type           Power        Failure   Level  Hunger
a - Blink                 Tloc           N/A          98%         2    ###....


Dungeon Overview and Level Annotations

Branches:
Dungeon (13/15)            Temple (1/1) D:6            Lair (6/6) D:10
 Shoals (0/4) Lair:3       Spider (0/4) Lair:3        Slime (0/5) Lair:6
    Orc (2/2) D:12            Elf (0/3) Orc:2
 Vaults: D:13-14

Altars:
Ashenzari
Cheibriados
Kikubaaqudgha
Makhleb
Nemelex Xobeh
Okawaru
Qazlal
Sif Muna
Trog
Uskayaw
Yredelemnul
The Shining One
Beogh
Jiyva

Shops:
Orc:2 *


Innate Abilities, Weirdness & Mutations

You are resistant to torment.
Your stone body is resilient. (AC +11)
You are immune to poison.
Your large and strong wings let you fly indefinitely.
You resist negative energy. (rN+)
You are resistant to electric shocks. (rElec)
You can survive without breathing.
You are immune to petrification.
You are immune to rotting.


Message History

The tentacled starspawn bites you but does no damage.
The tentacled starspawn engulfs you!
You bump into the rock wall.
The starspawn tentacle grabs you. The starspawn tentacle constricts you.
The tentacled starspawn bites you but does no damage.
The tentacled starspawn engulfs you.
* * * LOW HITPOINT WARNING * * *
You impale the golden eye!!
You kill the golden eye!
Okawaru accepts your kill.
Your Maces & Flails skill increases to level 14!
Unknown command.
Your plate armour prevents you from hitting the tentacled starspawn.
The starspawn tentacle loses its grip on you.
The tentacled starspawn is moderately damaged.
The starspawn tentacle closely misses you.
The tentacled starspawn bites you!!
* * * LOW HITPOINT WARNING * * *
The tentacled starspawn engulfs you.
You die...

#..##
#....
..... #...
#..# #.w#
#wX# #.@#
#..####.#
#.... .. .
#..#######
#..# # #
## # ##..#
## . ## .
#..# #..
...
.#....#..#
#.........
..#..### #


You could see a tentacled starspawn and 2 starspawn tentacles.

Vanquished Creatures
  An Executioner (Abyss:2)
  An orc warlord (Bailey)
  3 dire elephants (Lair:6)
  Josephine (D:10)
  4 hydras
  The ghost of p0werm0de the Fighter, a journeyman DsBe of Trog (Lair:1)
  An anaconda (Lair:6)
  A centaur warrior (D:13)
  4 two-headed ogres
  The ghost of motkuthepatientXD the Spear-Bearer, a journeyman GrEE of Ashenzari (Volcano)
  3 death yaks (Lair:2)
  A sun demon (Volcano)
  Nergalle (Lair:1)
  An unseen horror (D:11)
  Pikel (D:7)
  2 large abominations (Abyss:2)
  2 orc knights
  2 manticores (D:12)
  3 orc sorcerers
  3 ugly things
  11 elephants
  Maurice (D:13)
  3 black mambas
  2 molten gargoyles (Volcano)
  Joseph (D:7)
  A gargoyle (D:11)
  7 spiny frogs
  5 komodo dragons
  2 polar bears
  A red devil (Volcano)
  A queen bee (Lair:1)
  A troll (D:11)
  A hornet (D:11)
  13 blink frogs
  17 hippogriffs
  6 dream sheep
  2 shadows
  2 vampires
  Sigmund (D:6)
  30 yaks
  6 wraiths
  4 wyverns
  3 basilisks
  6 fire bats (Volcano)
  3 golden eyes (Abyss:2)
  4 wargs (Orc:1)
  2 hell hounds (Volcano)
  10 water moccasins
  8 porcupines
  4 sky beasts
  4 eyes of draining
  15 orc warriors
  2 black bears
  5 ice beasts
  A slave (D:7)
  2 necrophages
  4 phantoms
  10 ogres
  5 wolves (Lair:2)
  12 centaurs
  13 crocodiles
  9 big kobolds
  12 bullfrogs
  A wyvern zombie (D:13)
  6 scorpions
  34 killer bees
  4 wights (D:11)
  4 howler monkeys
  2 centaur zombies
  6 lava snakes (Volcano)
  5 crimson imps
  2 quasits
  7 hounds
  A jelly (D:10)
  18 orc priests
  3 bullfrog skeletons
  Crazy Yiuf (D:6)
  4 centaur skeletons
  3 iguanas
  11 orc wizards
  8 worker ants
  A hound skeleton (D:9)
  A howler monkey zombie (D:3)
  A worker ant zombie (D:9)
  8 gnolls
  10 adders
  3 river rats
  2 shadow imps
  An ooze (D:1)
  3 adder skeletons
  4 worms
  2 dart slugs
  11 leopard geckos
  105 orcs
  5 bats
  6 giant cockroaches
  17 goblins
  9 hobgoblins
  8 jackals
  39 kobolds
  3 quokkas
  A ball python (D:1)
  6 frilled lizards
  2 leopard gecko skeletons
  A leopard gecko zombie (D:6)
  A quokka skeleton (D:4)
  A quokka zombie (D:5)
  7 rats
  2 plants (Lair:6)
669 creatures vanquished.

Vanquished Creatures (others)
  A slave (D:7)
  2 hounds (D:7)
  An orc wizard (D:3)
  3 orcs
  35 fungi
  18 plants
60 creatures vanquished.

Grand Total: 729 creatures vanquished

Notes
Turn   | Place    | Note
-------+----------+-------------------------------------------
     0 | D:1      | hilaritas the Gargoyle Fighter began the quest for the Orb.
     0 | D:1      | Reached XP level 1. HP: 14/14 MP: 1/1
    82 | D:1      | Reached XP level 2. HP: 19/19 MP: 2/2
   688 | D:1      | Reached XP level 3. HP: 23/23 MP: 3/3
  1306 | D:2      | Reached XP level 4. HP: 28/28 MP: 4/4
  1558 | D:3      | Reached skill level 4 in Shields
  1651 | D:3      | Reached XP level 5. HP: 12/32 MP: 5/5
  1654 | D:3      | Found a glowing drain.
  1658 | Sewer    | Entered a sewer
  1909 | Sewer    | Noticed a big kobold
  1931 | Sewer    | Killed a big kobold
  1931 | Sewer    | Reached skill level 5 in Maces & Flails
  1964 | Sewer    | Found a white marble altar of Elyvilon.
  2118 | D:3      | Reached XP level 6. HP: 37/37 MP: 6/6
  3180 | D:4      | Reached XP level 7. HP: 41/41 MP: 7/7
  3609 | D:5      | Entered Level 5 of the Dungeon
  3779 | D:5      | Reached skill level 5 in Shields
  3851 | D:5      | Reached XP level 8. HP: 29/46 MP: 8/8
  4662 | D:6      | Found a staircase to the Ecumenical Temple.
  4668 | Temple   | Entered the Ecumenical Temple
  4694 | Temple   | Became a worshipper of Warmaster Okawaru
  5177 | D:6      | Reached skill level 10 in Maces & Flails
  5177 | D:6      | Reached skill level 6 in Shields
  5290 | D:6      | Found a runed door.
  5377 | D:6      | Reached skill level 1 in Invocations
  5377 | D:6      | Reached XP level 9. HP: 50/52 MP: 9/9
  5440 | D:6      | Noticed Sigmund
  5456 | D:6      | Killed Sigmund
  5485 | D:6      | Reached * piety under Okawaru
  5650 | D:6      | Found a stormy altar of Qazlal.
  5709 | D:6      | Noticed Crazy Yiuf
  5795 | D:6      | Killed Crazy Yiuf
  5931 | D:7      | Found a flagged portal.
  5938 | Bailey   | Entered a bailey
  5942 | Bailey   | Learned a level 2 spell: Blink
  5947 | Bailey   | Noticed an orc warlord
  5966 | Bailey   | Reached skill level 7 in Shields
  6006 | Bailey   | Noticed an orc knight
  6029 | Bailey   | Killed an orc knight
  6029 | Bailey   | Reached skill level 5 in Fighting
  6053 | Bailey   | Found a runed gate.
  6055 | Bailey   | Found a runed gate.
  6056 | Bailey   | Found a runed gate.
  6284 | Bailey   | Killed an orc warlord
  6284 | Bailey   | Reached ** piety under Okawaru
  6284 | Bailey   | Reached skill level 8 in Shields
  6284 | Bailey   | Reached XP level 10. HP: 47/61 MP: 10/13
  6356 | D:7      | Identified 2 scrolls of acquirement
  6390 | D:7      | Noticed Pikel
  6418 | D:7      | Killed Pikel
  6418 | D:7      | Reached skill level 9 in Shields
  6430 | D:7      | Reached skill level 5 in Armour
  6476 | D:7      | Noticed Joseph
  6505 | D:7      | Killed Joseph
  7097 | D:7      | Reached skill level 5 in Invocations
  7200 | D:7      | Reached *** piety under Okawaru
  7200 | D:7      | Reached skill level 10 in Shields
  8569 | D:9      | Reached XP level 11. HP: 56/68 MP: 15/15
  8880 | D:9      | Found a basalt altar of Yredelemnul.
  9106 | D:9      | Reached **** piety under Okawaru
  9111 | D:9      | Found a bloodstained altar of Trog.
  9248 | D:9      | Noticed a two-headed hydra
  9278 | D:9      | Killed a two-headed hydra
  9285 | D:9      | Reached skill level 11 in Shields
  9640 | D:10     | Entered Level 10 of the Dungeon
  9740 | D:10     | Reached ***** piety under Okawaru
  9828 | D:10     | Received a gift from Okawaru
 10216 | D:10     | Found a staircase to the Lair.
 10412 | D:10     | Noticed a two-headed ogre
 10429 | D:10     | Killed a two-headed ogre
 10588 | D:10     | Noticed Josephine
 10613 | D:10     | Killed Josephine
 10613 | D:10     | Reached skill level 10 in Fighting
 10951 | D:10     | Reached XP level 12. HP: 77/77 MP: 17/17
 10963 | D:10     | Reached skill level 12 in Shields
 11388 | D:11     | Got a pitted jade ring
 11390 | D:11     | Identified the ring of Ru's Approval {+Fly Stlth+} (You acquired it on level 11 of the Dungeon)
 11498 | D:11     | Received a gift from Okawaru
 12042 | D:11     | Found an iron altar of Okawaru.
 12218 | D:11     | Reached skill level 13 in Shields
 12614 | D:12     | Noticed a two-headed ogre
 12623 | D:12     | Killed a two-headed ogre
 12722 | D:12     | Found a roughly hewn altar of Beogh.
 12722 | D:12     | Found a staircase to the Orcish Mines.
 13067 | D:13     | Noticed a centaur warrior
 13077 | D:13     | Killed a centaur warrior
 13101 | D:13     | Noticed a two-headed ogre
 13119 | D:13     | Killed a two-headed ogre
 13119 | D:13     | Received a gift from Okawaru
 13119 | D:13     | Reached skill level 14 in Shields
 13170 | D:13     | Noticed Maurice
 13184 | D:13     | Killed Maurice
 13371 | D:13     | Reached XP level 13. HP: 82/82 MP: 19/19
 13746 | Lair:1   | Entered Level 1 of the Lair of Beasts
 13760 | Lair:1   | Noticed p0werm0de's ghost (journeyman DsBe)
 13767 | Lair:1   | Killed p0werm0de's ghost
 13767 | Lair:1   | Reached ****** piety under Okawaru
 13906 | Lair:1   | Noticed Nergalle
 13936 | Lair:1   | Killed Nergalle
 13973 | Lair:1   | Reached skill level 15 in Shields
 14257 | Lair:1   | Received a gift from Okawaru
 14258 | Lair:1   | Got a fine helmet {god gift}
 14269 | Lair:1   | Identified the +1 helmet of the Earth {rElec rC++} (Okawaru gifted it to you on level 1 of the Lair of Beasts)
 14347 | Lair:1   | Reached skill level 1 in Dodging
 15218 | Lair:2   | Reached skill level 10 in Invocations
 15231 | Lair:2   | Reached skill level 10 in Armour
 16107 | Lair:3   | Found a staircase to the Shoals.
 16490 | Lair:3   | Found a hole to the Spider Nest.
 17650 | Lair:4   | Gained mutation: Your large and strong wings let you fly indefinitely. [Gargoyle growth]
 17650 | Lair:4   | Reached XP level 14. HP: 68/88 MP: 21/21
 17760 | Lair:5   | Received a gift from Okawaru
 18194 | Lair:5   | Found a dark tunnel.
 18203 | Volcano  | Entered a volcano
 18374 | Volcano  | Found a burning altar of Makhleb.
 18837 | Volcano  | Noticed motkuthepatientXD's ghost (journeyman GrEE)
 18849 | Volcano  | Killed motkuthepatientXD's ghost
 19214 | Lair:6   | Entered Level 6 of the Lair of Beasts
 19218 | Lair:6   | Received a gift from Okawaru
 19219 | Lair:6   | Got a pair of transparent gloves {god gift}
 19230 | Lair:6   | Identified the +2 pair of gloves "Detehywe" {Str+2 Int+3 Dex+2 SInv} (Okawaru gifted it to you on level 6 of the Lair of Beasts)
 19349 | Lair:6   | Found a viscous altar of Jiyva.
 19883 | Lair:6   | Found a staircase to the Slime Pits.
 20316 | Lair:6   | Noticed a dire elephant
 20328 | Lair:6   | Killed a dire elephant
 20328 | Lair:6   | Reached skill level 5 in Dodging
 20336 | Lair:6   | Noticed a dire elephant
 20336 | Lair:6   | Noticed a dire elephant
 20345 | Lair:6   | Killed a dire elephant
 20355 | Lair:6   | Killed a dire elephant
 20637 | Lair:6   | Reached XP level 15. HP: 92/92 MP: 23/23
 20907 | Orc:1    | Entered Level 1 of the Orcish Mines
 21053 | Orc:1    | Received a gift from Okawaru
 21409 | Orc:2    | Entered Level 2 of the Orcish Mines
 21409 | Orc:2    | Found Sieklih's Assorted Antiques.
 21421 | Orc:1    | Reached XP level 16. HP: 59/97 MP: 24/24
 21574 | Orc:2    | Found a staircase to the Elven Halls.
 21585 | Orc:2    | Cast into level 2 of the Abyss (orc warrior)
 21590 | Abyss:2  | Noticed an Executioner
 21596 | Abyss:2  | Killed an Executioner
 21645 | Abyss:2  | Noticed a tentacled starspawn
 21659 | Abyss:2  | Slain by a tentacled starspawn

Skill      XL: |  1  2  3  4  5  6  7  8  9 10 11 12 13 14 15 16 |
---------------+-------------------------------------------------+-----
Maces & Flails | 3 4 5 6 8 10 13 14 | 14.0
Shields        | 4 5 6 8 10 11 14 15 | 15.0
Invocations    | 1 4 5 7 8 10 11 | 11.6
Fighting       | 6 8 10 | 10.0
Armour         | 4 5 6 8 10 | 10.0
Dodging        | 3 7 |  7.3

Action                   |  1- 3 |  4- 6 |  7- 9 | 10-12 | 13-15 | 16-18 || total
-------------------------+-------+-------+-------+-------+-------+-------++-------
Melee: Flail             |   142 |   321 |   437 |   885 |       |       ||  1785
       Eveningstar       |       |       |       |   251 |   889 |    30 ||  1170
       Unarmed           |       |       |       |     6 |       |       ||     6
Throw: Tomahawk          |       |     2 |     2 |     6 |     1 |       ||    11
Invok: Heroism           |       |       |     3 |     9 |     8 |     1 ||    21
       Finesse           |       |       |       |       |       |     1 ||     1
  Use: Potion            |       |     1 |     4 |     1 |     1 |     3 ||    10
       Scroll            |       |     9 |     4 |    15 |    14 |       ||    42
 Stab: Confused          |       |       |       |     1 |       |       ||     1
  Eat: Chunk             |     2 |     7 |    10 |    25 |    24 |       ||    68
       Fruit             |       |       |       |       |     3 |       ||     3
Armor: Scale mail        |    67 |   111 |       |       |       |       ||   178
       Chain mail        |       |   112 |   197 |       |       |       ||   309
       Plate armour      |       |       |    18 |   517 |   564 |    23 ||  1122
       Skin              |       |       |       |    28 |       |       ||    28
Dodge: Dodged            |    49 |    93 |    96 |   339 |   288 |    17 ||   882
Block: Shield            |    68 |   164 |   262 |   768 |   867 |    30 ||  2159
